 Dungeon Crawl Stone Soup version 0.21.1-1-g345015f (webtiles) character file.

597 Mirai the Chopper (level 7, -21/55 HPs)
             Began as a Demonspawn Fighter on Mar 12, 2018.
             Killed from afar by Tenz's ghost (29 damage)
             ... with a stone arrow
             ... on level 4 of the Dungeon.
             The game lasted 00:05:46 (2824 turns).

Mirai the Chopper (Demonspawn Fighter)              Turns: 2824, Time: 00:05:47

Health: -21/55     AC:  9    Str: 18    XL:     7   Next: 17%
Magic:  7/7        EV:  8    Int: 10    God:
Gold:   237        SH:  8    Dex: 12    Spells: 6/6 levels left

rFire    . . .     SeeInvis .   a - +0 war axe
rCold    . . .     Gourm    .   c - +0 shield
rNeg     . . .     Faith    .   j - +2 ring mail {MR+}
rPois    .         Spirit   .   (helmet restricted)
rElec    .         Reflect  .   (no cloak)
rCorr    .         Harm     .   (no gloves)
MR       +....                  (no boots)
Stlth    +.........             (no amulet)
HPRegen  0.18/turn              (no ring)
MPRegen  0.10/turn              (no ring)

@: no status effects
A: horns 1, slimy green scales 1, powered by pain 1
a: no special abilities


You were on level 4 of the Dungeon.
You were not hungry.

You visited 1 branch of the dungeon, and saw 4 of its levels.

You collected 237 gold pieces.

Inventory:

Hand Weapons
 a - a +0 war axe (weapon)
Armour
 c - a +0 shield (worn)
 j - a +2 ring mail of magic resistance (worn)
 p - a +0 large shield
 q - a +0 plate armour
Scrolls
 g - a scroll of fog {unknown}
 h - a scroll of noise {unknown}
 l - 8 scrolls of identify {unknown}
 m - 3 scrolls of remove curse {unknown}
 u - a scroll of random uselessness {unknown}
 w - a scroll of teleportation {unknown}
Potions
 b - a potion of magic {unknown}
 e - 2 potions of degeneration {unknown}
 i - a potion of berserk rage {unknown}
 k - 2 potions of curing {unknown}
 n - 2 potions of flight {unknown}
 r - a potion of invisibility {unknown}
 s - a potion of brilliance {unknown}
 t - a potion of heal wounds {unknown}
 v - 2 potions of cancellation {unknown}
Books
 d - a book of Cantrips

   Spells                             Type                      Level
   a - Confusing Touch                Hexes                        1
   b - Animate Skeleton               Necromancy                   1
   c - Summon Small Mammal            Summoning                    1
   d - Apportation                    Translocation                1
Comestibles
 f - 8 rations
 x - 2 chunks of flesh


   Skills:
 * Level 4.9 Fighting
 + Level 5.4 Axes
 + Level 3.8 Armour
 + Level 1.0 Dodging
 - Level 2.6 Shields


You had 6 spell levels left.
You didn't know any spells.

Dungeon Overview and Level Annotations

Branches:
Dungeon (4/15)
 Temple: D:4-7

Altars:
Gozag

Shops:
D:4 [

Annotations:
D:4 Tenz's ghost, amateur SpEE


Innate Abilities, Weirdness & Mutations

You have a pair of small horns on your head.
You are partially covered in slimy green scales. (AC +2)
You sometimes gain a little power by taking damage.


Message History

Tenz's ghost is heavily damaged.
Tenz's ghost gestures at you while chanting.
The blast of sand hits you! Tenz's ghost hits you.
* * * LOW HITPOINT WARNING * * *
Unknown command.
Okay, then.
You closely miss Tenz's ghost.
Tenz's ghost is heavily damaged.
Tenz's ghost stares at you.
Tenz's ghost points at you and mumbles some strange words.
The blast of sand hits you!
You barely miss Tenz's ghost.
Tenz's ghost is heavily damaged.
You block Tenz's ghost's attack.
You hit Tenz's ghost.
Tenz's ghost is heavily damaged.
Tenz's ghost gestures at you while chanting.
The stone arrow hits you!
Ouch! That really hurt!
You die...

..# ####..# ).# #....>#
#....... ..#
#.#######...... # ..#
#.<.............#
..######...#####.......#
...........# #.......
........#..#####.....
##...#..........W#'#
.....#.##.#####.@..#
##.#.............###
#<...#....####...#
##.######## #...# #...
#...# ##### #...# ##.##
#.# #.#


You could see Tenz's ghost.

Vanquished Creatures
  Sigmund (D:3)
  Menkaure (D:4)
  An ogre (D:4)
  A bullfrog (D:3)
  Jessica (D:2)
  A worker ant (D:4)
  A hound skeleton (D:4)
  An adder (D:2)
  2 oozes
  A worm (D:2)
  3 dart slugs
  2 leopard geckos
  5 orcs (D:3)
  2 ball pythons
  10 bats
  3 giant cockroaches
  4 hobgoblins
  13 jackals
  5 kobolds
  3 quokkas
  4 frilled lizards
  10 goblins
  8 rats
83 creatures vanquished.

Notes
Turn   | Place    | Note
-------+----------+-------------------------------------------
     0 | D:1      | Mirai the Demonspawn Fighter began the quest for the Orb.
     0 | D:1      | Reached XP level 1. HP: 18/18 MP: 1/1
   116 | D:1      | Gained mutation: You are partially covered in slimy green scales. (AC +2) [demonic ancestry]
   116 | D:1      | Reached XP level 2. HP: 19/24 MP: 2/2
   209 | D:1      | Reached skill level 2 in Axes
   610 | D:1      | Reached XP level 3. HP: 28/29 MP: 3/3
   754 | D:2      | Found an opulent altar of Gozag.
  1154 | D:2      | You fall through a shaft!
  1421 | D:2      | Reached XP level 4. HP: 32/35 MP: 4/4
  1482 | D:2      | Noticed Jessica
  1490 | D:2      | Killed Jessica
  1490 | D:2      | Reached skill level 3 in Axes
  1926 | D:3      | Noticed Sigmund
  1935 | D:3      | Killed Sigmund
  1935 | D:3      | Reached skill level 4 in Axes
  1935 | D:3      | Reached XP level 5. HP: 42/42 MP: 5/5
  1935 | D:3      | Gained mutation: You have a pair of small horns on your head. [demonic ancestry]
  1935 | D:3      | Reached XP level 6. HP: 48/48 MP: 6/6
  2338 | D:4      | Noticed Menkaure
  2348 | D:4      | Killed Menkaure
  2348 | D:4      | Reached skill level 5 in Axes
  2597 | D:4      | Gained mutation: You sometimes gain a little power by taking damage. [demonic ancestry]
  2597 | D:4      | Reached XP level 7. HP: 55/55 MP: 7/7
  2721 | D:4      | Found Ewnuy's Antique Armour Shop.
  2759 | D:4      | Reached skill level 1 in Dodging
  2809 | D:4      | Noticed Tenz's ghost (amateur SpEE)
  2824 | D:4      | Killed from afar by Tenz's ghost

Skill      XL: |  1  2  3  4  5  6  7 |
---------------+----------------------+-----
Axes           | 2 4 5 |  5.4
Armour         | 3 |  3.8
Fighting       | 4 |  4.9
Dodging        | 1 |  1.0
Shields        | |  2.6

Action                   |  1- 3 |  4- 6 |  7- 9 || total
-------------------------+-------+-------+-------++-------
Melee: War axe           |   151 |   111 |    16 ||   278
       Headbutt          |       |     7 |     3 ||    10
  Use: Potion            |       |     1 |       ||     1
  Eat: Chunk             |     2 |     4 |     1 ||     7
Armor: Scale mail        |    49 |       |       ||    49
       Chain mail        |    36 |       |       ||    36
       Plate armour      |    41 |    97 |       ||   138
       Ring mail         |       |    21 |     5 ||    26
Dodge: Dodged            |    39 |    21 |     1 ||    61
Block: Shield            |    75 |    79 |     7 ||   161
